NYP
LOS ANGELES (NYP) ANGELS @ EVERETT AQUASOX
08/18/2044
 
TOP OF THE 1ST
Los Angeles (NYP) Angels batting - Pitching for Everett AquaSox : RHP Robby Reyna
Pitching: RHP Robby Reyna
Batting: RHB Randy Grewe 0-0: Ball
1-0: Ball
2-0: Called Strike
2-1: Ball
3-1: Base on Balls
Batting: RHB Steve Hasson 0-0: Ball
1-0: Called Strike
1-1: Ball
2-1: Foul Ball, location: 2F
2-2: Fly out, F9 (Flyball, 89S, EV 87.5 MPH)
Batting: RHB Jon Griffin 0-0: Ball
1-0: Ball
Randy Grewe steals 2nd base (no throw)
2-0: Ball
3-0: Called Strike
3-1: Base on Balls
Randy Grewe steals 3rd base (no throw)
Batting: SHB Conor Davies 0-0: Ball
1-0: Foul Ball, location: 2F
1-1: Ball
Jon Griffin is caught stealing 2nd base 2-6
2-1: SINGLE (Line Drive, 9S, EV 101.3 MPH)
Randy Grewe scores
Batting: RHB Jeff Long 0-0: Ball
1-0: Called Strike
1-1: Foul Ball, location: 2F
1-2: Strikes out swinging
Top of the 1st over - 1 run, 1 hit, 0 errors, 1 left on base; Los Angeles (NYP) 1 - Everett 0
BOTTOM OF THE 1ST
Everett AquaSox batting - Pitching for Los Angeles (NYP) Angels : RHP Nick Madrid
Pitching: RHP Nick Madrid
Batting: RHB Kikuo Sato 0-0: SINGLE (Groundball, 6MD, EV 108.1 MPH)
Batting: RHB Salvador Avina 0-0: Ball
Kikuo Sato steals 2nd base
1-0: Called Strike
1-1: Called Strike
Kikuo Sato steals 3rd base
1-2: Foul Ball, location: 2F
1-2: Strikes out looking
Batting: RHB John Peterson 0-0: Swinging Strike
0-1: Fly out, F8 (Line Drive, 8RD, EV 106.9 MPH)
Runner from 3rd tags up, SCORES, throw by CF
Batting: LHB Jawad Fahad 0-0: Ball
1-0: SINGLE (Line Drive, 56, EV 102.5 MPH)
Batting: RHB Hideo Okimura 0-0: Ball
Wild Pitch!
Jawad Fahad to second
1-0: Ball
2-0: Called Strike
2-1: Ball
3-1: Ground out 6-3 (Groundball, 56, EV 110.0 MPH)
Bottom of the 1st over - 1 run, 2 hits, 0 errors, 1 left on base; Los Angeles (NYP) 1 - Everett 1
TOP OF THE 2ND
Los Angeles (NYP) Angels batting - Pitching for Everett AquaSox : RHP Robby Reyna
Batting: RHB Tsega Haida 0-0: Ball
1-0: Bunted foul
1-1: Ball
2-1: Ball
3-1: Foul Ball, location: 2F
3-2: SOLO HOME RUN (Flyball, 7LD, EV 94.4 MPH), Distance : 350 ft
Batting: RHB Steve Hughey 0-0: Called Strike
0-1: Ball
1-1: Fly out, F8 (Flyball, 8RM, EV 86.3 MPH)
Batting: RHB Jason Habeck 0-0: Ball
1-0: Ball
2-0: Fly out, F8 (Flyball, 8LD, EV 83.8 MPH)
Batting: RHB Zach Robbins 0-0: Called Strike
0-1: Called Strike
0-2: Ball
1-2: Foul Ball, location: 2F
1-2: Ball
2-2: Ground out 4-3 (Groundball, 4, EV 98.1 MPH)
Top of the 2nd over - 1 run, 1 hit, 0 errors, 0 left on base; Los Angeles (NYP) 2 - Everett 1
BOTTOM OF THE 2ND
Everett AquaSox batting - Pitching for Los Angeles (NYP) Angels : RHP Nick Madrid
Batting: LHB Kenny Gerrity 0-0: Foul Ball, location: 2F
0-1: Ball
1-1: Called Strike
1-2: Ball
2-2: Strikes out swinging
Batting: SHB Raghnall Ahearne 0-0: Ball
1-0: Called Strike
1-1: Ground out U3 (Groundball, 3, EV 81.3 MPH)
Batting: RHB Clay Statum 0-0: Called Strike
0-1: Foul Ball, location: 2F
0-2: Ball
1-2: Ball
2-2: SINGLE (Groundball, 4D, EV 94.4 MPH)
Batting: RHB Josh Mauer 0-0: Ball
1-0: Ball
2-0: Ground out 5-3 (Groundball, 5S, EV 83.8 MPH)
Bottom of the 2nd over - 0 runs, 1 hit, 0 errors, 1 left on base; Los Angeles (NYP) 2 - Everett 1
TOP OF THE 3RD
Los Angeles (NYP) Angels batting - Pitching for Everett AquaSox : RHP Robby Reyna
Batting: RHB Randy Grewe 0-0: Ball
1-0: SINGLE (Groundball, 56S, EV 66.9 MPH) (infield hit)
Batting: RHB Steve Hasson 0-0: Called Strike
0-1: Called Strike
0-2: Strikes out swinging
Batting: RHB Jon Griffin 0-0: Ball
1-0: Called Strike
Randy Grewe steals 2nd base (no throw)
1-1: Foul Ball, location: 2F
1-2: Strikes out swinging
Batting: SHB Conor Davies 0-0: Called Strike
0-1: 2-RUN HOME RUN (Line Drive, 78XD, EV 110.6 MPH), Distance : 409 ft
Batting: RHB Jeff Long 0-0: Foul Ball, location: 2F
0-1: Ball
1-1: Ball
2-1: Fly out, F9 (Line Drive, 9, EV 96.3 MPH)
Top of the 3rd over - 2 runs, 2 hits, 0 errors, 0 left on base; Los Angeles (NYP) 4 - Everett 1
BOTTOM OF THE 3RD
Everett AquaSox batting - Pitching for Los Angeles (NYP) Angels : RHP Nick Madrid
Batting: RHB Kikuo Sato 0-0: Ball
1-0: Swinging Strike
1-1: Foul Ball, location: 2F
1-2: Ball
2-2: Strikes out looking
Batting: RHB Salvador Avina 0-0: Ground out 4-3 (Groundball, 34, EV 110.0 MPH)
Batting: RHB John Peterson 0-0: Called Strike
0-1: Foul Ball, location: 2F
0-2: Strikes out swinging
Bottom of the 3rd over - 0 runs, 0 hits, 0 errors, 0 left on base; Los Angeles (NYP) 4 - Everett 1
TOP OF THE 4TH
Los Angeles (NYP) Angels batting - Pitching for Everett AquaSox : RHP Robby Reyna
Batting: RHB Tsega Haida 0-0: Fly out, F8 (Flyball, 8LS, EV 98.1 MPH)
Batting: RHB Steve Hughey 0-0: Ball
1-0: Swinging Strike
1-1: Ground out 5-3 (Groundball, 56, EV 97.5 MPH)
Batting: RHB Jason Habeck 0-0: Ball
1-0: Called Strike
1-1: Foul Ball, location: 2F
1-2: Hit by Pitch
Batting: RHB Zach Robbins 0-0: Called Strike
0-1: SINGLE (Groundball, 3D, EV 100.0 MPH)
Jason Habeck to second
Runner from 2nd tries for 3rd, SAFE, throw by RF made to third
Batting: RHB Randy Grewe 0-0: Foul Ball, location: 2F
0-1: SINGLE (Groundball, 6MD, EV 98.1 MPH)
Jason Habeck scores
Zach Robbins to second
Runner from 2nd tries for 3rd, SAFE, throw by CF made to third
Randy Grewe to second
Pitching: RHP Stewart Wilson
Batting: RHB Steve Hasson 0-0: Foul Ball, location: 2F
0-1: Ball
1-1: Ball
2-1: Foul Ball, location: 2F
2-2: Ball
3-2: Foul Ball, location: 2F
3-2: Foul Ball, location: 2F
3-2: Strikes out looking
Top of the 4th over - 1 run, 2 hits, 0 errors, 2 left on base; Los Angeles (NYP) 5 - Everett 1
BOTTOM OF THE 4TH
Everett AquaSox batting - Pitching for Los Angeles (NYP) Angels : RHP Nick Madrid
Batting: LHB Jawad Fahad 0-0: Ball
1-0: Ball
2-0: Ground out 6-3 (Groundball, 6M, EV 88.1 MPH)
Batting: RHB Hideo Okimura 0-0: Ball
1-0: Foul Ball, location: 2F
1-1: Swinging Strike
1-2: Ball
2-2: Foul Ball, location: 2F
2-2: Ball
3-2: Strikes out looking
Batting: LHB Kenny Gerrity 0-0: Ball
1-0: Ball
2-0: Ball
3-0: Base on Balls
Batting: SHB Raghnall Ahearne 0-0: Ball
1-0: Foul Ball, location: 2F
1-1: Called Strike
1-2: Strikes out swinging
Bottom of the 4th over - 0 runs, 0 hits, 0 errors, 1 left on base; Los Angeles (NYP) 5 - Everett 1
TOP OF THE 5TH
Los Angeles (NYP) Angels batting - Pitching for Everett AquaSox : RHP Stewart Wilson
Batting: RHB Jon Griffin 0-0: Ball
1-0: Swinging Strike
1-1: Called Strike
1-2: Fly out, F7 (Flyball, 7LS, EV 89.4 MPH)
Batting: SHB Conor Davies 0-0: Ball
1-0: SOLO HOME RUN (Flyball, 89XD, EV 111.9 MPH), Distance : 420 ft
Batting: RHB Jeff Long 0-0: Called Strike
0-1: Ball
1-1: Hit by Pitch, AND HE CHARGES THE MOUND! The benches clear!
Pitching: LHP Mike Stewart
Pinch Runner at 1st David Kunze:
Batting: RHB Tsega Haida 0-0: Ball
1-0: Ball
2-0: Ball
3-0: Called Strike
3-1: Foul Ball, location: 2F
3-2: Strikes out swinging
Batting: RHB Steve Hughey 0-0: Ball
1-0: DOUBLE (Line Drive, 9LM, EV 105.0 MPH)
David Kunze to third
Runner from 3rd tries for Home, SAFE, throw by RF to home
Batting: RHB Jason Habeck 0-0: Foul Ball, location: 2F
0-1: Foul Ball, location: 2F
0-2: Foul Ball, location: 2F
0-2: Strikes out swinging
Top of the 5th over - 2 runs, 2 hits, 0 errors, 1 left on base; Los Angeles (NYP) 7 - Everett 1
BOTTOM OF THE 5TH
Everett AquaSox batting - Pitching for Los Angeles (NYP) Angels : RHP Nick Madrid
Batting: RHB Clay Statum 0-0: Ball
1-0: Called Strike
1-1: Ground out 5-3 (Groundball, 56, EV 106.3 MPH)
Batting: RHB Josh Mauer 0-0: Ball
1-0: Ball
2-0: Foul Ball, location: 2F
2-1: Ball
3-1: Foul Ball, location: 2F
3-2: Ground out 3-1 (Groundball, 34, EV 85.6 MPH)
Batting: RHB Kikuo Sato 0-0: Ball
1-0: Fly out, F9 (Flyball, 9LM, EV 83.1 MPH)
Bottom of the 5th over - 0 runs, 0 hits, 0 errors, 0 left on base; Los Angeles (NYP) 7 - Everett 1
TOP OF THE 6TH
Los Angeles (NYP) Angels batting - Pitching for Everett AquaSox : LHP Mike Stewart
Batting: RHB Zach Robbins 0-0: Swinging Strike
0-1: Foul Ball, location: 2F
0-2: Ball
1-2: Fly out, F9 (Line Drive, 9, EV 99.4 MPH)
Batting: RHB Randy Grewe 0-0: Called Strike
0-1: Fly out, F8 (Flyball, 8LXD, EV 96.9 MPH)
Batting: RHB Steve Hasson 0-0: Called Strike
0-1: SINGLE (Groundball, 6MD, EV 100.6 MPH)
Batting: RHB Jon Griffin 0-0: Called Strike
0-1: Ball
1-1: Ball
Steve Hasson steals 2nd base
2-1: Ground out 5-3 (Groundball, 56, EV 106.3 MPH)
Top of the 6th over - 0 runs, 1 hit, 0 errors, 1 left on base; Los Angeles (NYP) 7 - Everett 1
BOTTOM OF THE 6TH
Everett AquaSox batting - Pitching for Los Angeles (NYP) Angels : RHP Nick Madrid
Batting: RHB Salvador Avina 0-0: Ball
1-0: Ball
2-0: Called Strike
2-1: Foul Ball, location: 2F
2-2: Ground out 6-3 (Groundball, 6S, EV 88.1 MPH)
Batting: RHB John Peterson 0-0: Called Strike
0-1: Ball
1-1: Foul Ball, location: 2F
1-2: Ball
2-2: Ground out 5-3 (Groundball, 56S, EV 68.8 MPH)
Batting: LHB Jawad Fahad 0-0: Ball
1-0: Fly out, F4 (Popup, 4, EV 66.3 MPH)
Bottom of the 6th over - 0 runs, 0 hits, 0 errors, 0 left on base; Los Angeles (NYP) 7 - Everett 1
TOP OF THE 7TH
Los Angeles (NYP) Angels batting - Pitching for Everett AquaSox : LHP Mike Stewart
Batting: SHB Conor Davies 0-0: Ball
1-0: Ball
2-0: Ball
3-0: Base on Balls
Batting: RHB David Kunze 0-0: Called Strike
0-1: Grounds into double play, 4-6-3 (Groundball, 4, EV 91.3 MPH)
Batting: RHB Tsega Haida 0-0: Ball
1-0: Foul Ball, location: 2F
1-1: Swinging Strike
1-2: Foul Ball, location: 2F
1-2: Ball
2-2: Ball
3-2: Base on Balls
Batting: RHB Steve Hughey 0-0: DOUBLE (Line Drive, 89D, EV 106.3 MPH)
Tsega Haida to third
Batting: RHB Jason Habeck 0-0: Ball
1-0: Called Strike
1-1: Ground out U3 (Groundball, 3, EV 105.0 MPH)
Top of the 7th over - 0 runs, 1 hit, 0 errors, 2 left on base; Los Angeles (NYP) 7 - Everett 1
BOTTOM OF THE 7TH
Everett AquaSox batting - Pitching for Los Angeles (NYP) Angels : RHP Nick Madrid
Batting: RHB Hideo Okimura 0-0: Called Strike
0-1: Ball
1-1: Fly out, F9 (Flyball, 9LM, EV 87.5 MPH)
Batting: LHB Kenny Gerrity 0-0: Ball
1-0: Called Strike
1-1: Ball
2-1: Ball
3-1: Called Strike
3-2: Strikes out looking
Batting: SHB Raghnall Ahearne 0-0: Called Strike
0-1: Ball
1-1: Fly out, F8 (Flyball, 8LD, EV 90.6 MPH)
Bottom of the 7th over - 0 runs, 0 hits, 0 errors, 0 left on base; Los Angeles (NYP) 7 - Everett 1
TOP OF THE 8TH
Los Angeles (NYP) Angels batting - Pitching for Everett AquaSox : LHP Mike Stewart
Batting: RHB Zach Robbins 0-0: Ball
1-0: SINGLE (Groundball, 6M, EV 102.5 MPH)
Pitching: RHP Jason Childress
Batting: RHB Randy Grewe 0-0: Ball
1-0: Ball
Wild Pitch!
Zach Robbins to second
2-0: Called Strike
2-1: Ball
3-1: Base on Balls
Batting: RHB Steve Hasson 0-0: Ball
1-0: Ball
2-0: Called Strike
2-1: Ball
3-1: Foul Ball, location: 2F
3-2: SINGLE (Groundball, 56S, EV 68.8 MPH) (infield hit)
Zach Robbins to third
Randy Grewe to second
Batting: RHB Jon Griffin 0-0: Ball
1-0: Foul Ball, location: 2F
1-1: Ball
2-1: Called Strike
2-2: Strikes out swinging
Batting: SHB Conor Davies 0-0: Ball
1-0: Called Strike
1-1: Foul Ball, location: 2F
1-2: Ball
2-2: Foul Ball, location: 2F
2-2: Strikes out looking
Batting: RHB David Kunze 0-0: Foul Ball, location: 2F
0-1: Ball
1-1: Swinging Strike
1-2: Strikes out swinging
Top of the 8th over - 0 runs, 2 hits, 0 errors, 3 left on base; Los Angeles (NYP) 7 - Everett 1
BOTTOM OF THE 8TH
Everett AquaSox batting - Pitching for Los Angeles (NYP) Angels : RHP Nick Madrid
Pitching: LHP Brandon Davis
Batting: RHB Clay Statum 0-0: Swinging Strike
0-1: Reached on error, E3 (Groundball, 34, EV 78.8 MPH)
Batting: RHB Josh Mauer 0-0: Swinging Strike
0-1: Foul Ball, location: 2F
0-2: Strikes out looking
Batting: RHB Kikuo Sato 0-0: DOUBLE (Line Drive, 7LS, EV 104.4 MPH)
Clay Statum to third
Batting: RHB Salvador Avina 0-0: Ball
1-0: Ball
2-0: Swinging Strike
2-1: Swinging Strike
2-2: Ball
3-2: Foul Ball, location: 2F
3-2: Base on Balls
Batting: RHB John Peterson 0-0: Called Strike
0-1: Fielders Choice at 2nd, 3-6 (Groundball, 34, EV 86.9 MPH)
Clay Statum scores
Kikuo Sato to third
Batting: LHB Jawad Fahad 0-0: Called Strike
0-1: Fly out, F8 (Flyball, 8RXD, EV 85.6 MPH)
Bottom of the 8th over - 1 run, 1 hit, 1 error, 2 left on base; Los Angeles (NYP) 7 - Everett 2
TOP OF THE 9TH
Los Angeles (NYP) Angels batting - Pitching for Everett AquaSox : RHP Jason Childress
Batting: RHB Tsega Haida 0-0: Swinging Strike
0-1: Ball
1-1: Foul Ball, location: 2F
1-2: Ball
2-2: TRIPLE (Flyball, 89XD, EV 98.1 MPH)
Batting: RHB Steve Hughey 0-0: Swinging Strike
0-1: Ball
1-1: Ball
Balk!
Tsega Haida scores
2-1: Foul Ball, location: 2F
2-2: Foul Ball, location: 2F
2-2: Foul Ball, location: 2F
2-2: Ball
3-2: Fly out, F8 (Flyball, 8RXD, EV 75.6 MPH)
Pitching: LHP Umberto van der Vleuten
Batting: RHB Jason Habeck 0-0: Called Strike
0-1: Ball
1-1: Ball
2-1: DOUBLE (Groundball, 3L, EV 105.6 MPH)
Batting: RHB Zach Robbins 0-0: Called Strike
0-1: Ball
1-1: Ball
2-1: Ball
3-1: Called Strike
3-2: Base on Balls
Batting: RHB Randy Grewe 0-0: Ball
1-0: Fly out, F9 (Flyball, 9LM, EV 85.0 MPH)
Batting: RHB Steve Hasson 0-0: Ball
1-0: SINGLE (Line Drive, 4MD, EV 103.1 MPH)
Jason Habeck to third
Zach Robbins to second
Batting: RHB Jon Griffin 0-0: Ball
1-0: Ball
2-0: Called Strike
2-1: Foul Ball, location: 2F
2-2: Ball
3-2: Fly out, F9 (Flyball, 89M, EV 88.1 MPH)
Top of the 9th over - 1 run, 3 hits, 0 errors, 3 left on base; Los Angeles (NYP) 8 - Everett 2
BOTTOM OF THE 9TH
Everett AquaSox batting - Pitching for Los Angeles (NYP) Angels : LHP Brandon Davis
Batting: RHB Hideo Okimura 0-0: Called Strike
0-1: Ball
1-1: Reached on error, E8 (Flyball, 8RXD, EV 79.4 MPH)
Batting: LHB Kenny Gerrity 0-0: Ball
1-0: Ball
2-0: Ball
3-0: Base on Balls
Batting: SHB Raghnall Ahearne 0-0: Called Strike
0-1: Swinging Strike
0-2: Ball
1-2: Ball
2-2: Strikes out swinging
Batting: RHB Clay Statum 0-0: Called Strike
0-1: Ball
1-1: Fielders Choice at 2nd, 5-4 (Groundball, 5, EV 105.0 MPH)
Hideo Okimura to third
Batting: RHB Josh Mauer 0-0: Ball
1-0: Ball
2-0: Ball
3-0: Called Strike
3-1: Called Strike
3-2: Fly out, F9 (Flyball, 9, EV 90.0 MPH)
Bottom of the 9th over - 0 runs, 0 hits, 1 error, 2 left on base; Los Angeles (NYP) 8 - Everett 2
Thursday, March 31st , 2022 - OOTP Baseball 22.12 Build 89